 Dungeon Crawl Stone Soup version 0.20.1-1-g8b1a95d (webtiles) character file.

282 Gargoyl the Chopper (level 6, 0/53 HPs)
             Began as a Minotaur Abyssal Knight on July 15, 2017.
             Was a Believer of Lugonu.
             Killed by nerve-wracking pain
             ... invoked by an orc priest
              (4 damage)
             ... on level 4 of the Dungeon.
             The game lasted 00:06:59 (2398 turns).

Gargoyl the Chopper (Minotaur Abyssal Knight)       Turns: 2398, Time: 00:06:59

Health: 0/53       AC: 15    Str: 16    XL:     6   Next: 6%
Magic:  7/7        EV:  5    Int:  9    God:    Lugonu [**....]
Gold:   148        SH:  7    Dex: 12    Spells: 5/5 levels left

rFire    . . .     SeeInvis .   a - +3 hand axe
rCold    . . .     Gourm    .   t - +0 shield
rNeg     . . .     Faith    .   y - +0 chain mail
rPois    .         Spirit   .   (helmet restricted)
rElec    .         Reflect  .   (no cloak)
rCorr    .         Harm     .   d - +0 pair of gloves
MR       .....                  (no boots)
Stlth    ..........             i - amulet of magic regeneration
Regen    0.2/turn               j - +5 ring of protection
MPRegen  0.2/turn               (no ring)

@: hasted, very quick
A: retaliatory headbutt, horns 2
a: Depart the Abyss, Bend Space, Renounce Religion


You were on level 4 of the Dungeon.
You worshipped Lugonu.
Lugonu was pleased with you.
You were not hungry.

You visited 1 branch of the dungeon, and saw 4 of its levels.
You visited the Abyss 1 time.

You collected 148 gold pieces.

Inventory:

Hand Weapons
 a - a +3 hand axe (weapon)
Missiles
 k - 2 tomahawks (quivered)
Armour
 d - a +0 pair of gloves (worn)
 t - a +0 shield (worn)
 y - a +0 chain mail (worn)
Jewellery
 i - an amulet of magic regeneration (around neck)
 j - a +5 ring of protection (left hand)
Scrolls
 l - a scroll of teleportation
 m - a scroll of magic mapping
 n - 4 scrolls of remove curse
 o - 3 scrolls of recharging
Potions
 b - a potion of curing
 e - a potion of heal wounds {unknown}
 h - 2 potions of magic
 q - a potion of berserk rage {unknown}
 r - a potion of haste
 u - a potion of mutation {unknown}
 w - a potion of resistance {unknown}
 x - a potion of degeneration {unknown}
Comestibles
 c - 3 bread rations
 f - 2 royal jellies
 p - a meat ration
 v - 4 chunks of flesh


   Skills:
 + Level 4.4 Fighting
 + Level 4.6 Axes
 * Level 4.6 Armour
 + Level 2.2 Dodging
 + Level 1.2 Shields
 * Level 2.8 Invocations


You had 5 spell levels left.
You didn't know any spells.

Dungeon Overview and Level Annotations

Branches:
Dungeon (4/15)
 Temple: D:4-7

Altars:

Shops:
D:4 !

Annotations:
D:4 Grinder, Sigmund


Innate Abilities, Weirdness & Mutations

You reflexively headbutt those who attack you in melee.
You have a pair of horns on your head.


Message History

It was a potion of magic.
Magic courses through your body. The orc barely misses you.
The orc priest hits you but does no damage.
It was a potion of curing.
You feel better. Something hits you.
Grinder blinks!
The orc priest hits you but does no damage.
Okay, then.
It was a potion of haste.
You feel yourself speed up. You block the orc's attack.
Something hits you but does no damage. The orc priest hits you with a trident.
* * * LOW HITPOINT WARNING * * *
The orc hits you but does no damage. You block the orc's attack.
You block the orc's attack.
The orc priest mumbles some strange prayers to Beogh against you.
Pain shoots through your body!
* * * LOW HITPOINT WARNING * * *
You block the orc's attack.
You open the door.
The orc priest calls down the wrath of Beogh upon you.
Pain shoots through your body!
You die...

### ... #.#
#.# # ##.##
#.. #. ... ..
#.###'##
#....####.#
#....@.#
#.......#..
..##....o.#
+..........
......o.oo#
#.......##.
..##..o.o.#
..........
............#
#.....#.
....###..5.)#
#.....## ....
#.....#
#.......
....###.....#
#.......
..........###
####.<..


You could see Grinder, an orc priest and 5 orcs.

Vanquished Creatures
  The ghost of tschems the Covered, an amateur HuFi (D:3)
  A hound (D:4)
  A worker ant (D:4)
  A hound skeleton (D:4)
  5 gnolls (D:3)
  An adder (D:4)
  A worm (D:3)
  A dart slug (D:3)
  7 orcs
  A ball python (D:2)
  9 bats
  7 hobgoblins
  7 jackals
  2 kobolds
  2 quokkas (D:3)
  5 frilled lizards
  A giant cockroach zombie (D:4)
  6 goblins
  7 rats
66 creatures vanquished.

Notes
Turn   | Place    | Note
-------+----------+-------------------------------------------
     0 | Abyss:1  | Gargoyl the Minotaur Abyssal Knight began the quest for the Orb.
     0 | Abyss:1  | Reached XP level 1. HP: 19/19 MP: 1/1
    60 | Abyss:1  | Noticed a purple very ugly thing
   105 | Abyss:1  | Noticed a large abomination
   117 | Abyss:1  | Noticed a small abomination
   122 | Abyss:1  | Noticed a hellwing
   124 | D:1      | Escaped the Abyss
   376 | D:1      | Reached XP level 2. HP: 27/27 MP: 2/2
   555 | D:1      | Reached * piety under Lugonu
  1059 | D:2      | Reached XP level 3. HP: 31/33 MP: 3/3
  1547 | D:3      | Reached XP level 4. HP: 26/40 MP: 4/4
  1777 | D:3      | Reached ** piety under Lugonu
  1908 | D:3      | Noticed tschems's ghost (amateur HuFi)
  1930 | D:3      | Killed tschems's ghost
  1930 | D:3      | Reached XP level 5. HP: 26/46 MP: 5/5
  2336 | D:4      | Found Ceisale's Distillery.
  2366 | D:4      | Reached skill level 1 in Shields
  2366 | D:4      | Reached XP level 6. HP: 47/53 MP: 7/7
  2382 | D:4      | Noticed Grinder
  2384 | D:4      | Noticed Sigmund
  2398 | D:4      | Killed from afar by an orc priest

Skill      XL: |  1  2  3  4  5 |
---------------+----------------+-----
Fighting       | 4 |  4.4
Invocations    | 2 |  2.8
Armour         | 3 4 |  4.6
Axes           | 3 4 |  4.6
Dodging        | 2 |  2.2
Shields        | 1 |  1.2

Action                   |  1- 3 |  4- 6 || total
-------------------------+-------+-------++-------
Melee: Hand axe          |    84 |    67 ||   151
       Headbutt          |     7 |    15 ||    22
Invok: Depart the Abyss  |     1 |       ||     1
  Use: Scroll            |     8 |     1 ||     9
       Potion            |       |     3 ||     3
  Eat: Chunk             |     2 |     3 ||     5
Armor: Leather armour    |    12 |       ||    12
       Ring mail         |    47 |    26 ||    73
       Chain mail        |       |    16 ||    16
Dodge: Dodged            |    52 |    20 ||    72
Block: Shield            |    13 |    33 ||    46
